 Dungeon Sprint DCSS version 0.17.1-3-g152610e (webtiles) character file.

1049 hexophile the Fighter (level 8, -4/86 HPs)
             Began as a Minotaur Fighter on Apr 20, 2016.
             Was an Initiate of Okawaru.
             Slain by a sun demon (23 damage)
             ... summoned by an orc high priest
             ... in the Dungeon (Sprint III: "The Ten Rune Challenge").
             The game lasted 00:03:19 (846 turns).

hexophile the Fighter (Minotaur Fighter)             Turns: 846, Time: 00:03:19

Health: -4/86      AC:  9    Str: 22    XL:     8   Next: 5%
Magic:  7/7        EV:  8    Int:  5    God:    Okawaru [......]
Gold:   32         SH: 11    Dex: 11    Spells: 0 memorised, 7 levels left

rFire  . . .     SeeInvis .     j - +2 long sword (holy)
rCold  . . .     Clarity  .     b - +0 scale mail
rNeg   . . .     SustAt   .     c - +0 shield
rPois  .         Gourm    .     (helmet restricted)
rElec  .         Spirit   .     d - +0 cloak
rCorr  .         Warding  .     (no gloves)
rMut   .         NoTele   +     (no boots)
MR     .....                    (no amulet)
Stlth  ..........               (no ring)
                                (no ring)

@: very slightly contaminated, hasted, very quick, not resistant to hostile
enchantments, extremely unstealthy
A: retaliatory headbutt, horns 2
a: Renounce Religion


You were in the Dungeon.
You worshipped Okawaru.
Okawaru was noncommittal.
You were hungry.

You visited 1 branch You collected 32 gold pieces.


Innate Abilities, Weirdness & Mutations

You reflexively headbutt those who attack you in melee.
You have a pair of horns on your head.

Inventory:

Hand Weapons
 j - a +2 long sword of holy wrath (weapon)
Armour
 b - a +0 scale mail (worn)
 c - a +0 shield (worn)
 d - a +0 cloak (worn)
Scrolls
 k - a scroll of blinking
 m - 3 scrolls of holy word
 n - 2 scrolls of remove curse {unknown}
 o - a scroll of fear {unknown}
 t - a scroll of identify {unknown}
Potions
 e - 2 potions of mutation {unknown}
 i - 2 potions of magic
 q - 3 potions of cure mutation {!q}
 s - 2 potions of flight {unknown}
Books
 v - a book of Changes

   Spells                             Type                      Level
   a - Beastly Appendage              Transmutation                1
   b - Sticks to Snakes               Transmutation                2
   c - Spider Form                    Transmutation/Poison         3
   d - Ice Form                       Ice/Transmutation            4
   e - Blade Hands                    Transmutation                5
 w - an Akashic Record

   Spells                             Type                      Level
   a - Dispersal                      Translocation                6
   b - Malign Gateway                 Summoning/Translocation      7
   c - Disjunction                    Translocation                8
   d - Controlled Blink               Translocation                8
Miscellaneous
 l - a box of beasts
Comestibles
 a - 4 chunks of flesh
 p - 2 royal jellies
 r - 2 bread rations
 u - 3 fruits


You had 7 spell levels left.
You didn't know any spells.


   Skills:
 * Level 13.0 Fighting
 * Level 12.7 Long Blades
 * Level 8.4 Armour
 * Level 8.4 Shields

Dungeon Overview and Level Annotations

Branches:
Dungeon (1/1)

Altars:
Cheibriados
Dithmenos
Elyvilon
Fedhas
Gozag
Kikubaaqudgha
Makhleb
Nemelex Xobeh
Okawaru
Qazlal
Ru
Sif Muna
Trog
Vehumet
Xom
Yredelemnul
Zin
The Shining One
Jiyva
Lugonu

Vault maps used:
D:        dungeon_sprint_mu
You       could see a sun demon.


Message History

You are very lightly contaminated with residual magic.
You lost 21 HP.
You have now: 30/86 HP.
Unknown command.
Unknown command.
You hear a shout! x3
The orc wizard mumbles some strange words.
The orc wizard flickers and vanishes!
Deactivating autopickup; reactivate with Ctrl-A.
There is an open door here.
The orc high priest starts to sing a prayer.
The blue devil swoops through the air toward you!
The blue devil hits you but does no damage.
You block the blue devil's attack.
The orc high priest mumbles some strange prayers to Beogh.
There is an open door to the Ecumenical Temple, spattered with blood here.
A puff of flame appears from out of thin air!
The puff of flame hits you!
* * * LOW HITPOINT WARNING * * *
You lost 6 HP.
You have now: 27/86 HP.
Drink which item? (? for menu, Esc to quit)
You feel better.
Restored 7 HP.
You have now: 35/86 HP.
Read which item? (? for menu, Esc to quit)
As you read the scroll labeled POTOSOCHATH, it crumbles to dust.
You speak a Word of immense power!
It was a scroll of holy word.
You barely miss the blue devil. Your headbutt misses the blue devil.
The blue devil completely misses you.
You barely miss the blue devil.
You headbutt the blue devil, but do no damage.
You hit the blue devil but do no damage.
The blue devil disappears in a puff of smoke!
No target in view!
No target in view!
Unknown command.
The sun demon hits you.
* * * LOW HITPOINT WARNING * * *
You are engulfed in flames!
* * * LOW HITPOINT WARNING * * *
You lost 18 HP.
You have now: 19/86 HP.
You are too injured to fight recklessly!
You are too injured to fight recklessly!
You are too injured to fight recklessly!
You are too injured to fight recklessly!
You closely miss the sun demon. You block the sun demon's attack.
You hit the sun demon.
The sun demon convulses.
The sun demon is lightly wounded.
You hit the sun demon but do no damage. You headbutt the sun demon.
The sun demon is lightly wounded.
The sun demon hits you!!
You die...

Action                   |  1- 3 |  4- 6 |  7- 9 || total
-------------------------+-------+-------+-------++-------
Melee: Long sword        |    23 |    48 |    40 ||   111
  Use: Potion            |     1 |     2 |     3 ||     6
       Scroll            |       |       |     1 ||     1

Notes
Turn   | Place    | Note
--------------------------------------------------------------
     0 | D        | hexophile the Minotaur Fighter began the quest for the Orb.
     0 | D        | Reached XP level 1. HP: 19/19 MP: 0/0
    17 | D        | Reached skill level 4 in Fighting
    17 | D        | Reached skill level 3 in Long Blades
    42 | D        | Killed a yaktaur
   141 | D        | Reached skill level 6 in Fighting
   141 | D        | Reached skill level 5 in Long Blades
   141 | D        | Reached XP level 2. HP: 20/30 MP: 1/1
   149 | D        | Noticed Crazy Yiuf
   154 | D        | Killed Crazy Yiuf
   154 | D        | Reached skill level 7 in Fighting
   154 | D        | Reached skill level 6 in Long Blades
   154 | D        | Reached XP level 3. HP: 24/39 MP: 2/2
   184 | D        | Noticed a water elemental
   190 | D        | Killed a water elemental
   190 | D        | Reached skill level 8 in Fighting
   190 | D        | Reached skill level 8 in Long Blades
   190 | D        | Reached XP level 4. HP: 17/49 MP: 3/3
   195 | D        | Found a radiant altar of Vehumet.
   195 | D        | Found a deep blue altar of Sif Muna.
   195 | D        | Found an ancient bone altar of Kikubaaqudgha.
   195 | D        | Noticed a wizard
   197 | D        | Killed a wizard
   197 | D        | Reached skill level 9 in Fighting
   197 | D        | Reached XP level 5. HP: 20/57 MP: 4/4
   201 | D        | Reached skill level 9 in Long Blades
   239 | D        | Killed a white draconian scorcher
   356 | D        | Found a basalt altar of Yredelemnul.
   356 | D        | Found a snail-covered altar of Cheibriados.
   356 | D        | Found a blossoming altar of Fedhas.
   356 | D        | Noticed a necrophage
   356 | D        | Noticed a necromancer
   367 | D        | Killed a necromancer
   367 | D        | Reached skill level 10 in Fighting
   369 | D        | Killed a necrophage
   369 | D        | Reached skill level 11 in Fighting
   369 | D        | Reached skill level 10 in Long Blades
   528 | D        | Killed a yaktaur
   564 | D        | Found an iron altar of Okawaru.
   564 | D        | Found a bloodstained altar of Trog.
   564 | D        | Noticed a human
   565 | D        | Noticed a human
   583 | D        | Killed a human
   583 | D        | Reached skill level 11 in Long Blades
   583 | D        | Reached skill level 5 in Armour
   583 | D        | Reached skill level 5 in Shields
   583 | D        | Reached XP level 6. HP: 30/68 MP: 5/5
   599 | D        | Killed a human
   599 | D        | Reached skill level 12 in Fighting
   599 | D        | Reached skill level 6 in Armour
   599 | D        | Reached skill level 6 in Shields
   599 | D        | Reached XP level 7. HP: 60/77 MP: 6/6
   602 | D        | Found a glowing silver altar of Zin.
   602 | D        | Found a glowing golden altar of the Shining One.
   602 | D        | Found a white marble altar of Elyvilon.
   603 | D        | Noticed a deep elf priest
   608 | D        | Killed a deep elf priest
   608 | D        | Reached skill level 12 in Long Blades
   608 | D        | Reached skill level 7 in Armour
   608 | D        | Reached skill level 7 in Shields
   624 | D        | Killed a white draconian scorcher
   679 | D        | Became a worshipper of Warmaster Okawaru
   724 | D        | Noticed a jelly
   725 | D        | Noticed a shadow
   730 | D        | Killed a shadow
   730 | D        | Reached skill level 8 in Armour
   730 | D        | Reached skill level 8 in Shields
   732 | D        | Killed a jelly
   747 | D        | Found a stormy altar of Qazlal.
   747 | D        | Found a sacrificial altar of Ru.
   747 | D        | Found a burning altar of Makhleb.
   747 | D        | Found a shimmering altar of Xom.
   747 | D        | Noticed a spatial vortex
   754 | D        | Found a viscous altar of Jiyva.
   754 | D        | Found a shadowy altar of Dithmenos.
   754 | D        | Found a sparkling altar of Nemelex Xobeh.
   754 | D        | Found a corrupted altar of Lugonu.
   754 | D        | Found an opulent altar of Gozag.
   765 | D        | Killed a spatial vortex
   765 | D        | Reached skill level 13 in Fighting
   765 | D        | Reached XP level 8. HP: 77/86 MP: 7/7
   784 | D        | Noticed an orc wizard
   784 | D        | Noticed an orc priest
   784 | D        | Noticed an orc high priest
   789 | D        | Noticed an orc warrior
   793 | D        | Noticed a blue devil
   797 | D        | Noticed a red devil
   823 | D        | Noticed a sun demon
   846 | D        | Slain by a sun demon

Table legend:
 A = Turns spent in this place as a percentage of turns spent in the entire game.
 B = Non-inter-level travel turns spent in this place as a percentage of non-inter-level travel turns spent in the entire game.
 C = Inter-level travel turns spent in this place as a percentage of turns spent in this place.
 D = Turns resting spent in this place as a percentage of non-inter-level travel turns spent in this place.
 E = Turns spent auto-exploring this place as a percentage of non-inter-level travel turns spent in this place.
 F = Non-inter-level travel turns spent in this place divided by the number of levels of this place that you've seen.
                   A       B       C       D       E      F
               +-------+-------+-------+-------+-------+----------------------
         Total | 100.0 | 100.0 |   0.0 |   7.1 |   0.0 | 436.0
       Dungeon | 100.0 | 100.0 |   0.0 |   7.1 |   0.0 | 436.0
               +-------+-------+-------+-------+-------+----------------------

Table legend:
 A = Kills in this place as a percentage of kills in entire the game.
 B = Kills by you in this place as a percentage of kills by you in the entire game.
 C = Kills by friends in this place as a percentage of kills by friends in the entire game.
 D = Other kills in this place as a percentage of other kills in the entire game.
 E = Experience gained in this place as a percentage of experience gained in the entire game.
 F = Experience gained in this place divided by the number of levels of this place that you have seen.
                   A       B       C       D       E      F
               +-------+-------+-------+-------+-------+----------------------
         Total | 100.0 | 100.0 |  -nan |  -nan | 100.0 | 1499.0
       Dungeon | 100.0 | 100.0 |  -nan |  -nan | 100.0 | 1499.0
               +-------+-------+-------+-------+-------+----------------------

Vanquished Creatures
  A deep elf priest (D)
  A shadow (D)
  A spatial vortex (D)
  A necrophage (D)
  A water elemental (D)
  A jelly (D)
  Crazy Yiuf (D)
  A necromancer (D)
  A wizard (D)
  3 humans (D)
  A kobold demonologist (D)
  An ooze (D)
  3 rats (D)
17 creatures vanquished.

Vanquished Creatures (others)
  2 draconian scorchers (D)
  2 yaktaurs (D)
4 creatures vanquished.

Grand Total: 21 creatures vanquished
